 Dungeon Crawl Stone Soup version 0.29.0-11-gd7f09526c8 (webtiles) character file.

Game seed: 15046752818463267181

8203 ketsa the Severer (level 11, -7/151 HPs)
             Began as a Minotaur Berserker on Sept 4, 2022.
             Was an Elder of Trog.
             Mangled by a komodo dragon (25 damage)
             ... on level 10 of the Dungeon.
             The game lasted 00:24:54 (12335 turns).

ketsa the Severer (Minotaur Berserker)             Turns: 12335, Time: 00:24:55

Health: -7/151     AC: 15    Str: 32    XL:     11   Next: 6%
Magic:  10/10      EV: 11    Int:  2    God:    Trog [****..]
Gold:   1524       SH:  0    Dex: 11    Spells: 10/10 levels left

rFire   + . .      SeeInvis .   D - +2 war axe (freeze)
rCold   + . .      Faith    .   (no shield)
rNeg    . . .      Spirit   .   P - +2 ring mail {rF+}
rPois   +          Reflect  .   (helmet restricted)
rElec   .          Harm     .   e - +0 cloak
rCorr   +          Rampage  .   C - +2 pair of gloves
Will    .....                   m - +0 pair of boots {Fly}
Stlth   ..........              (no amulet)
HPRegen 0.35/turn               l - ring of resist corrosion
MPRegen 0.12/turn               Q - ring of Apihefe {rPois rC+ Str+7 Int-2}

@: berserking, flying, very quick
A: horns 2, retaliatory headbutt
a: Renounce Religion, Berserk, Trog's Hand, Brothers in Arms


You were on level 10 of the Dungeon.
You worshipped Trog.
Trog was greatly pleased with you.
You visited 3 branches of the dungeon, and saw 12 of its levels.

You collected 1693 gold pieces.
You spent 169 gold pieces at shops.

Inventory:

Hand Weapons
 d - a +0 shortbow of flaming
 f - a +0 war axe
 y - a +1 dagger of electrocution
 D - a +2 war axe of freezing (weapon)
 I - a +0 battleaxe
Missiles
 r - 3 throwing nets
 s - 25 poisoned darts (quivered)
 x - 93 stones
Armour
 e - a +0 cloak (worn)
 m - a +0 pair of boots of flying (worn)
 o - a +0 ring mail
 w - a +0 leather armour
 C - a +2 pair of gloves (worn)
 G - a +0 scale mail
 P - a +2 ring mail of fire resistance (worn)
 S - a +0 troll leather armour
Jewellery
 l - a ring of resist corrosion (left hand)
 p - a ring of fire
 Q - the ring of Apihefe (right hand) {rPois rC+ Str+7 Int-2}
   (You acquired it on level 10 of the Dungeon)

   [ring of protection from cold]

   Str:       It affects your strength (+7).
   Int:       It affects your intelligence (-2).
   rC:        It protects you from cold.
   rPois:     It protects you from poison.
 U - a ring of poison resistance
Wands
 a - a wand of flame (1)
 J - a wand of mindburst (17)
 M - a wand of paralysis (2)
 N - a wand of roots (11)
Scrolls
 b - a scroll of noise {unknown}
 c - 2 scrolls of fear {unknown}
 h - 3 scrolls of poison
 i - 2 scrolls of vulnerability
 k - 3 scrolls of enchant armour
 n - 2 scrolls of enchant weapon
 t - a scroll of summoning {unknown}
 u - 4 scrolls of teleportation
 z - 2 scrolls of magic mapping {unknown}
 B - 2 scrolls of immolation {unknown}
 K - a scroll of blinking {unknown}
 O - 2 scrolls of butterflies
 R - a scroll of amnesia {unknown}
Potions
 g - 3 potions of magic
 j - 2 potions of might
 q - 2 potions of ambrosia
 v - 7 potions of curing
 A - a potion of cancellation
 E - 2 potions of mutation
 F - 3 potions of attraction
 H - 3 potions of heal wounds
 L - a potion of resistance
Miscellaneous
 V - a phantom mirror


   Skills:
 + Level 10.6 Fighting
 * Level 15.0 Axes
 + Level 10.3 Armour
 - Level 2.3 Dodging
 + Level 0.5 Evocations


You had 10 spell levels left.
You didn't know any spells.
Your spell library was empty.

Dungeon Overview and Level Annotations

Branches:
Dungeon (10/15)            Temple (1/1) D:6            Lair (1/5) D:10
    Orc: D:9-12

Altars:
Ashenzari
Cheibriados
Dithmenos
Fedhas
Gozag
Hepliaklqana
Kikubaaqudgha
Makhleb
Nemelex Xobeh
Okawaru
Qazlal
Ru
Sif Muna
Trog
Uskayaw
Vehumet
Wu Jian
Xom
Yredelemnul
Zin
The Shining One

Shops:
D:5 :   D:8 !

Annotations:
D:7 exclusion: ice statue


Innate Abilities, Weirdness & Mutations

You have a pair of horns on your head.
You reflexively headbutt those who attack you in melee.


Message History

The komodo dragon closely misses you.
The komodo dragon attacks as you move away!
The komodo dragon bites you but does no damage.
The komodo dragon attacks as you move away!
The komodo dragon closely misses you.
Found 12 gold pieces.
Found a wand of mindburst (7).
The komodo dragon attacks as you move away!
The komodo dragon bites you!
The komodo dragon attacks as you move away!
The komodo dragon bites you!
The komodo dragon hisses menacingly.
The komodo dragon attacks as you move away!
The komodo dragon misses you.
The komodo dragon attacks as you move away!
The komodo dragon bites you!
The komodo dragon attacks as you move away!
The komodo dragon barely misses you.
The komodo dragon attacks as you move away!
The komodo dragon completely misses you.
The komodo dragon attacks as you move away!
The komodo dragon misses you.
The komodo dragon attacks as you move away!
The komodo dragon bites you but does no damage.
The komodo dragon attacks as you move away!
The komodo dragon bites you but does no damage.
The komodo dragon attacks as you move away!
The komodo dragon bites you!
The komodo dragon attacks as you move away!
The komodo dragon bites you!!
* * * LOW HITPOINT WARNING * * *
The komodo dragon bites you!
* * * LOW HITPOINT WARNING * * *
There is a staircase back to the Dungeon here.
The komodo dragon bites you.
* * * LOW HITPOINT WARNING * * *
You fly upwards.
Welcome back to the Dungeon!
There is a staircase to the Lair here.
A red film seems to cover your vision as you go berserk!
You feel yourself moving faster!
You feel mighty! The komodo dragon bites you!!
You die...

#.##...###
##........##.#####
##.#....#
####.....##..####
##.....### ###...#.....[.
##......# #...#.#..###
##...##### #####.##...#
..[..# ##.)####.# ....##
##).## #.# ....#
#########..## #..
....###########.@.......##
##.
...............l.########
####. .....#############
#.... .....# #...> ...###
#.... ....# ##### ....#
....# ....#


You could see a komodo dragon.

Vanquished Creatures
  3 two-headed ogres
  A cane toad (Lair:1)
  A troll (D:9)
  2 shadows
  2 wyverns
  2 wraiths
  6 yaks
  2 steam dragons (D:8)
  2 water moccasins
  An acid dragon (D:9)
  2 orc warriors
  3 sky beasts
  A black bear (D:8)
  2 ogres (D:5)
  A centaur (D:10)
  A phantom (D:6)
  2 kobold brigands
  5 bullfrogs
  5 gnoll sergeants (D:8)
  4 water moccasin zombies (D:5)
  A wyvern zombie (D:5)
  A scorpion (D:4)
  6 wights
  8 howler monkeys
  2 bullfrog zombies (D:5)
  A centaur zombie (D:5)
  A human zombie (D:5)
  4 orc priests
  4 hounds
  5 jellies
  2 gnoll boudas
  4 iguanas
  5 orc wizards
  A mummy (D:5)
  12 gnolls
  5 adders
  2 dart slugs
  22 orcs
  5 bats (D:2)
  12 endoplasms
  6 giant cockroaches
  7 goblins
  11 hobgoblins
  6 quokkas
  10 ball pythons
  A frilled lizard (D:1)
  19 kobolds
  7 rats
218 creatures vanquished.

Vanquished Creatures (others)
  A plant (Lair:1)
1 creature vanquished.

Grand Total: 219 creatures vanquished

Notes
Turn   | Place    | Note
-------+----------+-------------------------------------------
     0 | D:1      | ketsa the Minotaur Berserker began the quest for the Orb.
     0 | D:1      | Reached XP level 1. HP: 19/19 MP: 0/0
   154 | D:1      | Reached skill level 4 in Axes
   154 | D:1      | Reached XP level 2. HP: 23/27 MP: 1/1
   536 | D:1      | Reached ** piety under Trog
   758 | D:1      | Reached XP level 3. HP: 33/33 MP: 2/2
   801 | D:2      | Reached skill level 5 in Axes
  1380 | D:2      | Reached XP level 4. HP: 34/40 MP: 3/3
  1614 | D:2      | Found an ornate altar of the Wu Jian Council.
  1734 | D:3      | Reached skill level 6 in Axes
  1837 | D:3      | Found a bloodstained altar of Trog.
  2012 | D:3      | Reached *** piety under Trog
  2120 | D:3      | Found a faded altar of an unknown god.
  2673 | D:4      | Reached XP level 5. HP: 28/46 MP: 4/4
  3289 | D:4      | Reached skill level 7 in Axes
  3815 | D:5      | Entered Level 5 of the Dungeon
  3821 | D:5      | Noticed an ogre
  3830 | D:5      | Killed an ogre
  3831 | D:5      | Reached XP level 6. HP: 22/53 MP: 5/5
  4323 | D:5      | Reached skill level 5 in Fighting
  4443 | D:5      | Found Atacyrruto's Book Boutique.
  4542 | D:5      | Reached skill level 8 in Axes
  4543 | D:5      | Reached XP level 7. HP: 43/61 MP: 6/6
  4840 | D:5      | Reached skill level 5 in Armour
  4849 | D:5      | Reached skill level 9 in Axes
  4956 | D:5      | Found an ancient bone altar of Kikubaaqudgha.
  4964 | D:5      | Reached XP level 8. HP: 48/70 MP: 7/7
  5400 | D:6      | Found a blossoming altar of Fedhas.
  5473 | D:6      | Found a staircase to the Ecumenical Temple.
  5486 | Temple   | Entered the Ecumenical Temple
  5970 | D:6      | Reached skill level 10 in Axes
  6892 | D:6      | Reached **** piety under Trog
  7410 | D:7      | Found a hide-covered altar of Uskayaw.
  7495 | D:7      | Reached skill level 11 in Axes
  7513 | D:7      | Reached XP level 9. HP: 77/79 MP: 8/8
  7641 | D:7      | Found a stormy altar of Qazlal.
  7641 | D:7      | Found a shadowy altar of Dithmenos.
  7642 | D:7      | Found a sparkling altar of Nemelex Xobeh.
  7901 | D:7      | Noticed an ice statue
  8308 | D:8      | Found a broken altar of Ashenzari.
  8341 | D:8      | Found Pufeifod's Distillery.
  8362 | D:8      | Bought a potion of resistance for 130 gold pieces
  8362 | D:8      | Bought a potion of curing for 39 gold pieces
  8507 | D:8      | Found an opulent altar of Gozag.
  9127 | D:8      | Reached skill level 12 in Axes
  9868 | D:8      | Reached skill level 13 in Axes
  9873 | D:8      | Reached XP level 10. HP: 77/91 MP: 9/9
  9972 | D:8      | Reached ***** piety under Trog
 10359 | D:9      | Found an ornate altar of the Wu Jian Council.
 10549 | D:9      | Noticed a two-headed ogre
 11081 | D:9      | Found a hazy altar of Hepliaklqana.
 11209 | D:9      | Killed a two-headed ogre
 11210 | D:9      | Reached skill level 10 in Fighting
 11210 | D:9      | Reached skill level 14 in Axes
 11226 | D:10     | Entered Level 10 of the Dungeon
 11279 | D:10     | Noticed a two-headed ogre
 11375 | D:10     | Noticed a two-headed ogre
 11380 | D:10     | Killed a two-headed ogre
 11381 | D:10     | Reached skill level 10 in Armour
 11465 | D:10     | Found a staircase to the Lair.
 11525 | D:10     | Killed a two-headed ogre
 11526 | D:10     | Reached XP level 11. HP: 90/101 MP: 10/10
 11625 | D:10     | Identified 2 scrolls of acquirement
 11666 | D:10     | Acquired 937 gold pieces
 11670 | D:10     | Acquired the ring of Apihefe {rPois rC+ Str+7 Int-2}
 11888 | Lair:1   | Entered Level 1 of the Lair of Beasts
 12217 | Lair:1   | Reached skill level 15 in Axes
 12277 | Lair:1   | Noticed an eight-headed hydra
 12335 | D:10     | Mangled by a komodo dragon

Illustrated notes

Levels and vault maps discovered:
D:1:      minmay_arrival_checkered_box, layout_rooms
D:2:      layout_basic, basic_altar
D:3:      layout_loops_ring, mainiacjoe_overflow_paths,
          dreamdust_ecumenical_altar_angels_and_demons
D:4:      layout_basic, minmay_small_thing
D:5:      layout_cave_pools, lemuel_mausoleum_altar_kikubaaqudgha, serial_shops,
          kennysheep_little_box
D:6:      layout_layer_cave, kennysheep_mini, minmay_temple_entry_ruins
D:7:      lemuel_ice_statue, layout_basic, nicolae_overflow_hidden_temple,
          amcnicky_mini_rare_corridor_liquid
D:8:      minmay_the_grid_square_5x5_3x3 [minmay_the_grid_square_5x5_seven,
          minmay_the_grid_square_5x5_dogpile,
          minmay_the_grid_square_5x5_shuriken,
          minmay_the_grid_square_5x5_checkered_statues,
          minmay_the_grid_square_5x5_megaprize_hollow,
          minmay_the_grid_square_5x5_beaten_path,
          minmay_the_grid_square_5x5_slash, minmay_the_grid_square_5x5_bite,
          minmay_the_grid_square_5x5_three_small], layout_basic,
          grunt_gozag_breadcrumbs, old_standard_altar, serial_shops,
          nicolae_shop_hallway_stairs
D:9:      layout_basic, mainiacjoe_overflow_alcove_1,
          nicolae_wu_jian_immortal_techniques, kennysheep_windowed_goal
D:10:     layout_rooms, lair_entry_dummy
Temple:   jpeg_temple_alley_garden
Lair:1:   layout_hall_layers, lemuel_fruit_fields, serial_bayou_shore_b

Skill      XL: |  1  2  3  4  5  6  7  8  9 10 11 |
---------------+----------------------------------+-----
Axes           | 4 5 6 7 8 9 11 13 14 15 | 15.0
Fighting       | 4 5 6 7 9 10 | 10.6
Armour         | 3 4 5 6 8 10 | 10.3
Dodging        | |  2.3
Evocations     | |  0.5

Action                   |  1- 3 |  4- 6 |  7- 9 | 10-12 || total
-------------------------+-------+-------+-------+-------++-------
Melee: Hand axe          |    92 |    69 |       |       ||   161
       Headbutt          |     9 |    15 |    44 |    23 ||    91
       Punch             |       |     3 |     2 |     1 ||     6
       War axe           |       |    47 |   243 |    93 ||   383
Throw: Dart              |       |     2 |       |     3 ||     5
Invok: Berserk           |       |     3 |     1 |     1 ||     5
       Trog's Hand       |       |       |       |     1 ||     1
Evoke: Wand              |       |       |     4 |     7 ||    11
  Use: Scroll            |       |     6 |     7 |     7 ||    20
       Potion            |       |       |     1 |       ||     1
 Stab: Sleeping          |     2 |     1 |       |       ||     3
Armor: Animal skin       |    37 |     4 |       |       ||    41
       Leather armour    |       |    28 |    23 |       ||    51
       Ring mail         |       |       |    59 |    45 ||   104
Dodge: Dodged            |    49 |    79 |   119 |    47 ||   294
